 Dungeon Crawl Stone Soup version 0.29.1-1-gd02db6906a (webtiles) character file.

Game seed: 16880255882262212255

546 Metae the Trooper (level 7, 0/54 (62) HPs)
             Began as a Hill Orc Fighter on Sept 27, 2022.
             Slain by a wight
             ... wielding a +5 war axe
              (5 damage)
             ... on level 4 of the Dungeon.
             The game lasted 00:12:47 (4074 turns).

Metae the Trooper (Hill Orc Fighter)                Turns: 4074, Time: 00:12:48

HP:   0/54 (62)     AC: 11    Str: 21    XL:     7   Next: 28%
MP:   7/7           EV:  9    Int: 11    God:
Gold: 257           SH:  5    Dex: 10    Spells: 6/6 levels left

rFire   . . .      SeeInvis .   p - +5 whip "Atrucog" {freeze, *Slow rElec rC+ Int+3}
rCold   + . .      Faith    .   c - +0 buckler
rNeg    . . .      Spirit   .   b - +0 scale mail
rPois   .          Reflect  .   (no helmet)
rElec   +          Harm     .   v - +0 cloak
rCorr   .          Rampage  .   A - +0 pair of gloves
Will    .....                   y - +0 pair of boots
Stlth   ..........              (no amulet)
HPRegen 0.18/turn               (no ring)
MPRegen 0.10/turn               (no ring)

@: heavily drained
A: no striking features
a: no special abilities


You were on level 4 of the Dungeon.
You visited 1 branch of the dungeon, and saw 5 of its levels.

You collected 257 gold pieces.

Inventory:

Hand Weapons
 a - a +0 war axe
 p - the +5 whip "Atrucog" (weapon) {freeze, *Slow rElec rC+ Int+3}
   (You found it on level 2 of the Dungeon)

   It freezes those it strikes, dealing additional cold damage.
   It can also slow down cold-blooded creatures.
   Int:       It affects your intelligence (+3).
   rC:        It protects you from cold.
   rElec:     It insulates you from electricity.
   *Slow:     It may slow you when you take damage.
 H - a +0 sling
Missiles
 l - 39 stones (quivered)
 n - 6 poisoned darts
 G - a throwing net
Armour
 b - a +0 scale mail (worn)
 c - a +0 buckler (worn)
 v - a +0 cloak (worn)
 y - a +0 pair of boots (worn)
 A - a +0 pair of gloves (worn)
Scrolls
 f - a scroll of fear {unknown}
 g - 2 scrolls of identify {unknown}
 i - a scroll of enchant weapon {unknown}
 j - 2 scrolls of silence
 m - a scroll of enchant armour {unknown}
 o - a scroll of teleportation {unknown}
 q - 2 scrolls of amnesia {unknown}
 s - a scroll of fog {unknown}
 w - a scroll of noise
 B - a scroll of poison {unknown}
 D - a scroll of acquirement {unknown}
 F - 2 scrolls of blinking {unknown}
 I - a scroll of torment {unknown}
 J - a scroll of magic mapping {unknown}
Potions
 e - 4 potions of haste {unknown}
 h - 2 potions of attraction {unknown}
 k - 5 potions of invisibility {unknown}
 r - 2 potions of lignification {unknown}
 t - 2 potions of brilliance {unknown}
 u - 3 potions of heal wounds {unknown}
 x - a potion of magic {unknown}
 z - a potion of ambrosia {unknown}
 C - 2 potions of flight {unknown}
 E - a potion of berserk rage {unknown}


   Skills:
 + Level 5.7 Fighting
 - Level 3.1(4.3) Axes
 + Level 3.6(4.1) Maces & Flails
 + Level 5.2 Armour
 + Level 5.2 Shields


You had 6 spell levels left.
You didn't know any spells.
Your spell library contained the following spells:

 Spells                   Type           Power      Damage    Failure   Level
 Slow                     Hex            0%         N/A       75%         1
 Ensorcelled Hibernation  Hex/Ice        0%         N/A       87%         2
 Confusing Touch          Hex            0%         N/A       98%         3
 Dazzling Flash           Conj/Hex       0%         N/A       98%         3
 Ozocubu's Armour         Ice            0%         N/A       98%         3
 Vampiric Draining        Necr           0%         2d6       98%         3
 Agony                    Necr           0%         N/A       100%        5
 Metabolic Englaciation   Hex/Ice        0%         N/A       100%        5
 Silence                  Hex/Air        0%         N/A       100%        5
 Simulacrum               Ice/Necr       0%         N/A       100%        6
 Discord                  Hex            0%         N/A       100%        8
 Necromutation            Tmut/Necr      0%         N/A       100%        8


Dungeon Overview and Level Annotations

Branches:
Dungeon (5/15)
 Temple: D:4-7

Altars:
Trog
Yredelemnul

Shops:
D:2 :=::


Message History

Okay, then.
There is a stone staircase leading down, spattered with blood here.
Things that are here:
a +3 falchion; a +0 robe
There is a stone staircase leading down, spattered with blood here.
Things that are here:
a +3 falchion; a +0 robe You see here a +0 rapier.
Things that are here:
a +3 falchion; a +0 robe
There is a stone staircase leading down, spattered with blood here.
Things that are here:
a +3 falchion; a +0 robe
There is a stone staircase leading down, spattered with blood here.
You climb downwards.
You block the wight's attack. The wight hits you with a +5 war axe!
The wight barely misses you. You block the wight's attack.
There is a stone staircase leading up, spattered with blood here.
You hit the wight.
The wight is moderately damaged.
The wight hits you but does no damage. The wight hits you with a +5 war axe!
You feel drained.
You hit the wight.
The wight is heavily damaged.
The wight hits you with a +5 war axe!
The wight hits you with a +4 dagger of freezing.
You feel drained. The wight hits you but does no damage.
The wight hits you with a +5 war axe.
You climb upwards.
There is a stone staircase leading down, spattered with blood here.
The wight barely misses you.
The wight hits you with a +4 dagger of freezing.
* * * LOW HITPOINT WARNING * * *
Things that are here:
a +0 robe; a +3 falchion The wight attacks as you move away!
The wight closely misses you. The wight attacks as you move away!
The wight hits you with a +5 war axe!
* * * LOW HITPOINT WARNING * * *
The wight attacks as you move away! The wight hits you with a +5 war axe.
You die...

#####################
#.......#...........#
#.#####.#.#########.# #.#
#.#.###### #.# #.#
#........# ##.## ## #.#
#.#.####.###...## #.
#.#####.#@####.##.###.###.
#.......#z....>...# #.....
####.####z.###.##.###.####
#.# #..#..........# # #.#
#..#.#.####.#.# # #.#
#..[>.......#รท# # #.#
####[########.# # #.# #)#
#.# # #.### ###.#### #.# #


You could see 2 wights.

Vanquished Creatures
  A phantom (D:3)
  A scorpion (D:4)
  2 wights (D:4)
  Crazy Yiuf (D:2)
  2 hounds (D:3)
  An iguana (D:4)
  4 gnolls (D:3)
  7 adders
  2 white imps (D:3)
  An ufetubus (D:4)
  A worm (D:2)
  2 dart slugs
  3 orcs
  10 endoplasms
  3 giant cockroaches
  8 goblins
  3 hobgoblins
  7 jackals
  3 kobolds
  2 quokkas (D:2)
  4 ball pythons
  4 bats
  5 frilled lizards
  4 rats (D:1)
81 creatures vanquished.

Notes
Turn   | Place    | Note
-------+----------+-------------------------------------------
     0 | D:1      | Metae the Hill Orc Fighter began the quest for the Orb.
     0 | D:1      | Reached XP level 1. HP: 19/19 MP: 1/1
   207 | D:1      | Reached XP level 2. HP: 27/27 MP: 2/2
   745 | D:2      | Found Nus Ruwa's Book Emporium.
   768 | D:2      | Identified the +5 whip "Atrucog" {freeze, *Slow rElec rC+
                  | Int+3}
   888 | D:2      | Found a faded altar of an unknown god.
   969 | D:2      | Reached XP level 3. HP: 30/33 MP: 3/3
  1125 | D:2      | Got the Compilation of Evil Interference
  1163 | D:2      | Found Ugexoan's Book Boutique.
  1245 | D:2      | Found Neat's Jewellery Emporium.
  1251 | D:2      | Found Tiuluhor's Book Shop.
  1489 | D:2      | Found a runed translucent door.
  1490 | D:2      | Noticed Crazy Yiuf
  1497 | D:2      | Killed Crazy Yiuf
  1498 | D:2      | Reached skill level 1 in Maces & Flails
  1498 | D:2      | Reached XP level 4. HP: 32/41 MP: 4/4
  1825 | D:3      | Reached XP level 5. HP: 44/47 MP: 5/5
  2038 | D:3      | Found a runed translucent door.
  2038 | D:3      | Noticed a human
  2046 | D:3      | Found a basalt altar of Yredelemnul.
  2052 | D:3      | Noticed a phantom
  2073 | D:3      | Killed a phantom
  2322 | D:3      | Reached skill level 5 in Fighting
  2322 | D:3      | Reached XP level 6. HP: 56/56 MP: 6/6
  2720 | D:4      | Found a bloodstained altar of Trog.
  3034 | D:4      | Reached skill level 5 in Shields
  3181 | D:4      | Reached skill level 5 in Armour
  3269 | D:4      | Reached XP level 7. HP: 61/61 MP: 7/7
  3548 | D:5      | Entered Level 5 of the Dungeon
  4074 | D:4      | Slain by a wight

Illustrated notes

Levels and vault maps discovered:
D:1:      lightli_arrival_lavapool, layout_loops_ring
D:2:      layout_basic, serial_shops, nicolae_shop_hallway_plus,
          nicolae_shop_hallway_plus, shop, nicolae_diamond_shop,
          ebering_ecumenical_altar_hall, minmay_fountain_box,
          uniq_crazy_yiuf_cottage
D:3:      layout_rooms, dk_yredelemnul_ordeal, cheibrodos_gnoll_hut
D:4:      layout_loops_ring, bloody_trog, minmay_quantized
D:5:      layout_basic, lemuel_coloured_pillars_altar,
          mainiacjoe_overflow_catch_the_wave, mainiacjoe_overflow_alcove_2,
          nrook_mini_vaults

Skill      XL: |  1  2  3  4  5  6 |
---------------+-------------------+-----
Axes           | 3 |  3.1
Fighting       | 4 5 |  5.7
Maces & Flails | 1 2 3 |  3.6
Armour         | 4 5 |  5.2
Shields        | 4 5 |  5.2

Action                   |  1- 3 |  4- 6 |  7- 9 || total
-------------------------+-------+-------+-------++-------
Melee: War axe           |    29 |       |       ||    29
       Whip              |    41 |   139 |    27 ||   207
  Use: Scroll            |       |     2 |       ||     2
       Potion            |       |       |     1 ||     1
Armor: Scale mail        |    31 |    79 |     8 ||   118
Dodge: Dodged            |    33 |    60 |    12 ||   105
Block: Buckler           |    20 |    34 |    11 ||    65
